 Dungeon Crawl Stone Soup version 0.28.0-62-gf88900778d (webtiles) character file.

Game seed: 13994326371784734653

19168 cbfl8 the Cleaver (level 12, -3/160 HPs)
             Began as a Minotaur Berserker on June 28, 2023.
             Was a High Priest of Trog.
             Slain by a cyan ugly thing (6 damage)
             ... while petrified by Jorgrun
             ... on level 12 of the Dungeon.
             The game lasted 00:14:37 (14644 turns).

cbfl8 the Cleaver (Minotaur Berserker)             Turns: 14644, Time: 00:14:37

Health: -3/160     AC: 21    Str: 21    XL:     12   Next: 34%
Magic:  11/11      EV:  2    Int:  4    God:    Trog [*****.]
Gold:   1923       SH:  0    Dex: 16    Spells: 11/11 levels left

rFire   . . .      SeeInvis .   j - +0 war axe
rCold   . . .      Faith    .   (no shield)
rNeg    + + +      Spirit   .   t - +0 plate armour
rPois   ∞          Reflect  +   x - +1 hat
rElec   .          Harm     .   w - +1 cloak
rCorr   .          Rampage  .   z - +0 pair of gloves
Will    .....                   b - +0 pair of boots
Stlth   ..........              u - amulet of reflection
HPRegen 0.36/turn               A - +4 ring of evasion
MPRegen 0.12/turn               g - ring of poison resistance

@: berserking, petrified, studying 2 skills
A: horns 2, retaliatory headbutt
a: Renounce Religion, Berserk, Trog's Hand, Brothers in Arms


You were on level 12 of the Dungeon.
You worshipped Trog.
Trog was extremely pleased with you.
You visited 1 branch of the dungeon, and saw 12 of its levels.
You also visited: Bailey.

You collected 2068 gold pieces.
You spent 145 gold pieces at shops.

Inventory:

Hand Weapons
 j - a +0 war axe (weapon)
Missiles
 i - 3 throwing nets
Armour
 b - a +0 pair of boots (worn)
 t - a +0 plate armour (worn)
 w - a +1 cloak (worn)
 x - a +1 hat (worn)
 z - a +0 pair of gloves (worn)
Jewellery
 a - a ring of see invisible
 g - a ring of poison resistance (right hand)
 u - an amulet of reflection (around neck)
 A - a +4 ring of evasion (left hand)
Wands
 e - a wand of digging (7)
Scrolls
 c - 6 scrolls of teleportation
 f - 2 scrolls of enchant armour
 n - a scroll of enchant weapon
 o - 4 scrolls of noise
 v - a scroll of torment {unknown}
 y - a scroll of blinking {unknown}
 B - a scroll of fog {unknown}
 D - 3 scrolls of holy word
 E - a scroll of magic mapping
 G - a scroll of fear
Potions
 h - a potion of degeneration {unknown}
 k - 2 potions of mutation {unknown}
 l - 3 potions of haste
 m - a potion of ambrosia
 p - a potion of resistance {unknown}
 r - 2 potions of might
 s - 2 potions of lignification {unknown}
 C - 2 potions of cancellation {unknown}
 F - a potion of magic {unknown}
 H - 2 potions of heal wounds
 I - a potion of berserk rage {unknown}


   Skills:
 + Level 10.4 Fighting
 + Level 14.5 Axes
 + Level 10.7 Armour
 * Level 10.8 Dodging
 + Level 2.9 Stealth
 + Level 2.7 Shields
 * Level 9.5 Evocations


You had 11 spell levels left.
You didn't know any spells.
Your spell library was empty.

Dungeon Overview and Level Annotations

Branches:
Dungeon (12/15)            Temple (0/1) D:5            Lair (0/6) D:10
    Orc (0/2) D:11         Bailey (visited)

Altars:
Fedhas
Hepliaklqana
Kikubaaqudgha
Wu Jian

Shops:
D:2 *   D:11 *

Annotations:
D:6 2 runed translucent doors, Alliumium's ghost, novice MiFi


Innate Abilities, Weirdness & Mutations

You have a pair of horns on your head.
You reflexively headbutt those who attack you in melee.


Message History

You closely miss the cyan ugly thing. The cyan ugly thing punches you.
* * * LOW HITPOINT WARNING * * *
The cyan ugly thing shocks you!
* * * LOW HITPOINT WARNING * * *
You slash Jorgrun! You headbutt Jorgrun!
Jorgrun is severely wounded.
You hit the cyan ugly thing. Jorgrun gestures at you while chanting.
You are slowing down.
You barely miss Jorgrun.
Jorgrun is severely wounded.
You closely miss the cyan ugly thing.
The cyan ugly thing punches you but does no damage.
Jorgrun hits you with a +0 vorpal quarterstaff.
You hit Jorgrun. Your headbutt misses Jorgrun.
Jorgrun is severely wounded.
You closely miss the cyan ugly thing. The cyan ugly thing punches you.
* * * LOW HITPOINT WARNING * * *
The cyan ugly thing shocks you!
* * * LOW HITPOINT WARNING * * *
Your limbs are stiffening.
You slash Jorgrun!
Jorgrun is almost dead.
You slash the cyan ugly thing! Jorgrun gestures at you while chanting.
You struggle to resist.
The cyan ugly thing punches you!
* * * LOW HITPOINT WARNING * * *
The cyan ugly thing shocks you!
* * * LOW HITPOINT WARNING * * *
You slash Jorgrun!
You kill Jorgrun!
Trog accepts your kill.
Trog appreciates your killing of a magic user.
You closely miss the cyan ugly thing. You block the cyan ugly thing's attack.
You have turned to stone.
The troll completely misses you. The troll claws you but does no damage.
The troll claws you!
* * * LOW HITPOINT WARNING * * *
The cyan ugly thing punches you!
You die...

##### #...#
#...# #...#
######...#
......T@.#
......u........
...............
###..##########
#.. #. #


You could see a cyan ugly thing and a troll.

Vanquished Creatures
  Jorgrun (D:12)
  Harold (D:9)
  3 two-headed ogres
  Sonja (D:12)
  Pikel (D:4)
  An orc knight (Bailey)
  2 ugly things
  3 manticores
  A centaur zombie (D:11)
  Psyche (D:12)
  2 unseen horrors
  4 trolls
  A hornet (D:9)
  2 slime creatures (D:12)
  7 yaks
  2 wyverns
  Grum (D:9)
  2 steam dragons
  2 vampire mosquitoes (D:12)
  3 wargs (D:10)
  3 acid dragons
  2 ice beasts
  A water moccasin (D:6)
  25 orc warriors
  2 black bears (D:6)
  A sky beast (D:6)
  6 ogres
  2 necrophages
  4 wolves (D:9)
  4 centaurs
  A phantom (D:4)
  A kobold brigand (D:8)
  5 scorpions
  4 bullfrogs
  A gnoll sergeant (D:12)
  A wyvern zombie (D:6)
  A water moccasin zombie (D:5)
  A wyvern skeleton (D:7)
  5 killer bees
  3 howler monkeys
  4 hounds
  A bullfrog skeleton (D:4)
  A gnoll shaman (D:6)
  8 orc priests
  6 iguanas
  9 orc wizards
  Robin (D:2)
  9 adders
  13 gnolls
  2 howler monkey skeletons
  A river rat (Bailey)
  2 shadow imps (D:6)
  3 white imps
  An ufetubus (D:4)
  6 worms
  4 dart slugs
  52 orcs
  5 endoplasms
  2 giant cockroaches
  19 goblins
  24 hobgoblins
  3 jackals (D:2)
  7 kobolds
  6 ball pythons
  10 bats
  A frilled lizard (D:1)
  4 rats (D:1)
318 creatures vanquished.

Vanquished Creatures (others)
  A gnoll (Bailey)
  4 plants
5 creatures vanquished.

Grand Total: 323 creatures vanquished

Notes
Turn   | Place    | Note
-------+----------+-------------------------------------------
     0 | D:1      | cbfl8 the Minotaur Berserker began the quest for the Orb.
     0 | D:1      | Reached XP level 1. HP: 19/19 MP: 0/0
   118 | D:1      | Found a faded altar of an unknown god.
   190 | D:1      | Reached XP level 2. HP: 24/27 MP: 1/1
   438 | D:1      | Reached XP level 3. HP: 33/33 MP: 2/2
   440 | D:1      | Reached ** piety under Trog
   750 | D:2      | Reached skill level 4 in Axes
   847 | D:2      | Found Alaxiuts's General Store.
   856 | D:2      | Bought a scroll of teleportation for 30 gold pieces
   985 | D:2      | Reached skill level 1 in Evocations
   985 | D:2      | Reached XP level 4. HP: 15/41 MP: 3/3
  1430 | D:2      | Noticed Robin
  1446 | D:2      | Killed Robin
  1759 | D:2      | Bought a potion of might for 40 gold pieces
  2092 | D:3      | Reached XP level 5. HP: 47/47 MP: 4/4
  2523 | D:4      | Reached skill level 1 in Stealth
  2569 | D:4      | Reached skill level 5 in Axes
  2666 | D:4      | Found an ornate altar of the Wu Jian Council.
  2672 | D:4      | Reached *** piety under Trog
  2708 | D:4      | Found an ancient bone altar of Kikubaaqudgha.
  2737 | D:4      | Noticed a phantom
  2744 | D:4      | Killed a phantom
  2745 | D:4      | Reached XP level 6. HP: 55/55 MP: 5/5
  2816 | D:4      | Noticed Pikel
  2823 | D:4      | Killed Pikel
  2824 | D:4      | Reached skill level 5 in Fighting
  2824 | D:4      | Reached skill level 7 in Axes
  2824 | D:4      | Reached XP level 7. HP: 61/61 MP: 6/6
  3352 | D:4      | Reached XP level 8. HP: 65/70 MP: 7/7
  3523 | D:4      | Identified a scroll of acquirement
  3524 | D:4      | Acquired 1044 gold pieces
  3546 | D:5      | Entered Level 5 of the Dungeon
  3588 | D:5      | Reached skill level 8 in Axes
  4004 | D:5      | Reached skill level 5 in Armour
  4171 | D:5      | Reached skill level 9 in Axes
  4296 | D:5      | Found a staircase to the Ecumenical Temple.
  4895 | D:6      | Reached XP level 9. HP: 78/78 MP: 8/8
  5229 | D:6      | Found a blossoming altar of Fedhas.
  5237 | D:6      | Found a large runed translucent door.
  5237 | D:6      | Found a large runed translucent door.
  5353 | D:6      | Reached skill level 10 in Axes
  5665 | D:6      | Reached **** piety under Trog
  5965 | D:6      | Noticed Alliumium's ghost (novice MiFi)
  5969 | D:6      | Acquired a manual of Dodging
  6130 | D:7      | Reached skill level 5 in Evocations
  6258 | D:7      | Reached skill level 11 in Axes
  6611 | D:7      | Reached skill level 5 in Dodging
  7036 | D:7      | Found a hazy altar of Hepliaklqana.
  7238 | D:8      | Reached XP level 10. HP: 38/86 MP: 9/9
  7289 | D:8      | Found a flagged portal.
  7490 | Bailey   | Entered a bailey
  8482 | Bailey   | Acquired a manual of Evocations
  8526 | Bailey   | Noticed an orc knight
  8540 | Bailey   | Killed an orc knight
  8541 | Bailey   | Reached skill level 12 in Axes
  8917 | Bailey   | Found an iron altar of Okawaru.
  8917 | Bailey   | Noticed an orc sorcerer
  9206 | Bailey   | Paralysed by an orc sorcerer for 6 turns
  9210 | Bailey   | Noticed an orange demon
  9213 | Bailey   | Noticed a rust devil
 10783 | D:9      | Paralysed by an orc for 6 turns
 11203 | D:9      | Noticed Harold
 11218 | D:9      | Killed Harold
 11219 | D:9      | Reached XP level 11. HP: 95/95 MP: 10/10
 11377 | D:9      | Noticed Grum
 11399 | D:9      | Killed Grum
 11684 | D:10     | Entered Level 10 of the Dungeon
 12081 | D:10     | Reached skill level 1 in Shields
 12218 | D:10     | Reached skill level 13 in Axes
 12448 | D:10     | Found a staircase to the Lair.
 12481 | D:10     | Reached ***** piety under Trog
 12511 | D:10     | Noticed a two-headed ogre
 12522 | D:10     | Killed a two-headed ogre
 12991 | D:11     | Found Woaddezi's General Store.
 12999 | D:11     | Bought a potion of heal wounds for 75 gold pieces
 13050 | D:11     | Noticed a two-headed ogre
 13051 | D:11     | Noticed a white ugly thing
 13063 | D:11     | Killed a two-headed ogre
 13067 | D:11     | Killed a white ugly thing
 13068 | D:11     | Reached skill level 10 in Armour
 13391 | D:11     | Reached skill level 10 in Fighting
 13866 | D:11     | Found a staircase to the Orcish Mines.
 13977 | D:12     | Noticed Psyche
 13991 | D:12     | Killed Psyche
 13992 | D:12     | Reached skill level 14 in Axes
 13995 | D:12     | Reached skill level 10 in Dodging
 14001 | D:12     | Reached XP level 12. HP: 102/106 MP: 11/11
 14061 | D:12     | Noticed Sonja
 14079 | D:12     | Killed Sonja
 14079 | D:12     | Received a gift from Trog
 14130 | D:12     | Noticed a two-headed ogre
 14144 | D:12     | Killed a two-headed ogre
 14624 | D:12     | Noticed a six-headed hydra
 14631 | D:12     | Noticed Jorgrun
 14642 | D:12     | HP: 6/160 [cyan ugly thing (10)]
 14643 | D:12     | Killed Jorgrun
 14644 | D:12     | Slain by a cyan ugly thing

Illustrated notes

Levels and vault maps discovered:
D:1:      dpeg_arrival_rooms_a, layout_rooms, serial_forest,
          infiniplex_forest_zigzag_1, infiniplex_forest_end_1,
          infiniplex_forest_lined_4_way, infiniplex_forest_lined_ring,
          infiniplex_forest_clump_curved,
          hellmonk_ecumenical_altar_slurped_away, minmay_nonomino_d4
D:2:      layout_rooms, serial_shops,
          nicolae_shop_temple_entry_statues_fountains, uniq_robin
D:3:      layout_basic, minmay_misc_feat_enclosed,
          nicolae_elevator_lobby_asterisk
D:4:      layout_rooms, mainiacjoe_overflow_alcove_2, lemuel_crystal_altar,
          mrwooster_statue_mirror, nicolae_wormholes, uniq_pikel
D:5:      layout_rooms, minmay_temple_entry_enclosed_plants
D:6:      layout_loops_cross, amcnicky_altar_gilded,
          ebering_ghost_disaster_area, chequers_serial_rivers_micro_d,
          hangedman_decor_growths, minmay_circle_x
D:7:      layout_loops_ring, nzn_hepliaklqana_mist_gate
D:8:      layout_cave_pods, enter_bailey_2
D:9:      layout_basic, uniq_harold, uniq_grum
D:10:     layout_cave_pools, erik_lair_orcish_takeover, nrook_mini_vaults
D:11:     layout_gridville, david_orc_4, serial_shops,
          nicolae_shop_temple_entry_statues_fountains
D:12:     layout_long_grid, lightli_wizard_tower, uniq_jorgrun, uniq_psyche,
          uniq_sonja

Skill      XL: |  1  2  3  4  5  6  7  8  9 10 11 12 |
---------------+-------------------------------------+-----
Fighting       | 4 5 6 7 8 10 | 10.4
Axes           | 4 5 7 9 11 12 14 | 14.5
Evocations     | 1 2 3 4 5 7 8 9 |  9.5
Dodging        | 3 5 8 10 | 10.8
Stealth        | 1 2 |  2.9
Armour         | 3 4 5 7 9 10 | 10.7
Shields        | 2 |  2.7

Action                   |  1- 3 |  4- 6 |  7- 9 | 10-12 || total
-------------------------+-------+-------+-------+-------++-------
Melee: Hand axe          |    32 |       |       |       ||    32
       Headbutt          |     5 |    11 |    52 |   121 ||   189
       Punch             |     1 |     1 |     9 |     6 ||    17
       War axe           |    22 |    82 |   265 |   480 ||   849
       Unarmed           |       |       |       |     3 ||     3
Invok: Berserk           |       |     3 |     4 |    10 ||    17
       Trog's Hand       |       |       |       |     3 ||     3
Evoke: Wand              |       |       |       |    17 ||    17
  Use: Scroll            |       |     4 |    11 |     6 ||    21
       Potion            |       |       |     1 |     4 ||     5
 Stab: Sleeping          |     1 |     1 |       |       ||     2
       Paralysed         |       |       |       |     8 ||     8
Armor: Animal skin       |    13 |    11 |       |       ||    24
       Scale mail        |       |     6 |       |       ||     6
       Plate armour      |       |     8 |   144 |   248 ||   400
       Skin              |       |       |       |     1 ||     1
Dodge: Dodged            |    29 |    48 |   119 |   256 ||   452
Block: Other             |       |       |       |    68 ||    68
       Reflection        |       |       |       |     1 ||     1
